 Dungeon Crawl Stone Soup version 0.32-a0-859-gb0a091d592 (webtiles) character file.

Game seed: 18140083562678968317

94 wildpjah the Ducker (level 4, 0/34 HPs)
             Began as a Merfolk Gladiator on Mar 27, 2024.
             Slain by a ball python (2 damage)
             ... on level 2 of the Dungeon.
             The game lasted 00:03:40 (1832 turns).

wildpjah the Ducker (Merfolk Gladiator)             Turns: 1832, Time: 00:03:40

Health: 0/34       AC:  4    Str: 14    XL:     4   Next: 63%
Magic:  7/13       EV:  3    Int:  7    God:
Gold:   128        SH:  0    Dex: 17    Spells: 3/3 levels left

rFire   . . .        a - +0 long sword
rCold   . . .        (no shield)
rNeg    . . .        b - +0 leather armour
rPois   +            c - +0 helmet
rElec   .            (no cloak)
rCorr   .            (no gloves)
SInv    .            (no boots)
Will    .....        (no amulet)
Stlth   ++           m - ring of poison resistance
HPRegen 0.25/turn    k - ring of magical power
MPRegen 0.13/turn

%: no passive effects
@: constricted
A: (nimble swimmer 2), mertail
a: no special abilities


You were on level 2 of the Dungeon.
You visited 1 branch of the dungeon, and saw 2 of its levels.

You collected 128 gold pieces.

Inventory:

Hand Weapons
 a - a +0 long sword (weapon)
Armour
 b - a +0 leather armour (worn)
 c - a +0 helmet (worn)
Jewellery
 k - a ring of magical power (right hand)
 m - a ring of poison resistance (left hand)
Scrolls
 f - 2 scrolls of noise {unknown}
 g - a scroll of silence {unknown}
 j - a scroll of identify {unknown}
 p - a scroll of teleportation {unknown}
Potions
 h - a potion of mutation {unknown}
 i - a potion of enlightenment {unknown}
 l - a potion of ambrosia {unknown}
 n - a potion of degeneration {unknown}
 o - 2 potions of might {unknown}


   Skills:
 * Level 2.9 Fighting
 + Level 4.8 Long Blades
 - Level 2.1 Throwing
 + Level 0.6 Armour
 * Level 4.9 Dodging
 + Level 1.0 Stealth


You had 3 spell levels left.
You didn't know any spells.
Your spell library contained the following spells:

 Spells                   Type           Power      Damage    Failure   Level
 Sigil of Binding         Hex            0%         N/A       87%         3
 Death Channel            Necr           0%         N/A       100%        6
 Sculpt Simulacrum        Ice/Alch       0%         N/A       100%        6


Dungeon Overview and Level Annotations

Branches:
Dungeon (2/15)

Altars:

Shops:
D:1 =


Innate Abilities, Weirdness & Mutations

((You are very nimble when in or above water. (Stealth+, EV+, Speed+++)))
Your lower body shifts to a powerful aquatic tail in water.


Message History

Jessica blinks!
You completely miss the ball python. The ball python closely misses you.
Unknown command.
You barely miss the ball python. The ball python bites you.
* * * LOW HITPOINT WARNING * * *
The ball python barely misses you.
The ball python bites you but does no damage.
Unknown command.
You completely miss the ball python. The ball python bites you.
* * * LOW HITPOINT WARNING * * *
The ball python grabs you. The ball python constricts you.
Unknown command.
You hit the ball python.
The ball python is severely wounded.
The ball python bites you.
* * * LOW HITPOINT WARNING * * *
The ball python constricts you.
* * * LOW HITPOINT WARNING * * *
Unknown command.
Throw: javelin
Press: ? - help, Q - select action Shift-Dir - straight line, f/p - Jessica
Aim: Jessica, wielding a +0 club and wearing a +0 robe (heavily wounded, fast, 59% to hit)
You throw a javelin. The javelin pierces through Jessica!
You kill Jessica!
The ball python bites you but does no damage.
The ball python constricts you.
* * * LOW HITPOINT WARNING * * *
The ball python bites you but does no damage.
The ball python constricts you.
You closely miss the ball python.
The ball python is severely wounded.
The ball python bites you but does no damage.
The ball python constricts you.
* * * LOW HITPOINT WARNING * * *
The ball python bites you but does no damage.
The ball python constricts you.
You closely miss the ball python.
The ball python is heavily wounded.
The ball python bites you.
You die...

.....##### #....<..#
#........######.#####.#
#.#..##>............#.#
..#..#........#.###.#.##
###..##..~~~..#.(......#
.....##.~~ß~~.#..##.#..#
.....##########........#
###### ##)##.##.# #+
#@##..#.# ... #S###.#.#
.... #.###.#.# # .....
#.#.#.#.# ####
......###.......# ...+
...S..'..(....### ####
.....@####....# # .....
##.#.# # .... ###.#


You could see a ball python.

Vanquished Creatures
  Jessica (D:2)
  4 adders (D:2)
  A dart slug (D:2)
  A ribbon worm (D:2)
  2 ball pythons
  2 bats (D:1)
  5 endoplasms
  A goblin (D:2)
  2 hobgoblins
  A kobold (D:1)
  3 quokkas
  2 frilled lizards
  4 rats
29 creatures vanquished.

Notes
Turn   | Place    | Note
-------+----------+-------------------------------------------
     0 | D:1      | wildpjah the Merfolk Gladiator began the quest for the Orb.
     0 | D:1      | Reached XP level 1. HP: 16/16 MP: 1/1
   391 | D:1      | Reached XP level 2. HP: 22/22 MP: 2/2
   432 | D:1      | Found Jiun's Jewellery Shoppe.
  1118 | D:2      | Reached XP level 3. HP: 23/28 MP: 3/3
  1721 | D:2      | Reached XP level 4. HP: 33/34 MP: 4/4
  1765 | D:2      | Reached skill level 1 in Stealth
  1809 | D:2      | Noticed Jessica
  1830 | D:2      | Killed Jessica
  1832 | D:2      | Slain by a ball python

Illustrated notes

Levels and vault maps discovered:
D:1:      dpeg_arrival_erosion, layout_basic, serial_shops,
          nicolae_shop_tiny_waterfront, minmay_hexomino_p4
D:2:      layout_loops_corners, moated_statue, uniq_jessica

Skill      XL: |  1  2  3  4 |
---------------+-------------+-----
Long Blades    | 4 |  4.8
Stealth        | 1 |  1.0
Fighting       | |  2.9
Throwing       | |  2.1
Armour         | |  0.6
Dodging        | |  4.9

Action                     |  1- 3 |  4- 6 || total
---------------------------+-------+-------++-------
  Melee: Long sword        |    57 |    20 ||    77
         Demon whip        |    19 |       ||    19
  Throw: Throwing net      |       |     3 ||     3
         Javelin           |       |     1 ||     1
   Stab: Sleeping          |     1 |       ||     1
         Held in net/web   |       |     1 ||     1
 Armour: Leather armour    |    41 |    25 ||    66
  Dodge: Dodged            |    37 |    14 ||    51

Table legend: (Time is in decaauts)
 A = Elapsed time spent in this place.
 B = Non-inter-level travel time spent in this place.
 C = Inter-level travel time spent in this place.
 D = Time resting spent in this place.
 E = Time spent auto-exploring this place.
 F = Levels seen in this place.
 G = Mean time per level.
                   A        B        C        D        E       F      G
               +--------+--------+--------+--------+--------+-----+--------+
         Total |   1849 |   1837 |     12 |      0 |   1574 |   2 |  924.5 |
       Dungeon |   1849 |   1837 |     12 |      0 |   1574 |   2 |  924.5 |
               +--------+--------+--------+--------+--------+-----+--------+

Top non-repeatable levels by time:
     D:1: 1106 daAuts
     D:2: 743 daAuts
